 Dungeon Crawl Stone Soup version 0.24-a0-619-gb7544fd (webtiles) character file.

Game seed: 13753798744271369028, levelgen mode: deterministic

105 Elfdrinker the Digger (level 5, -5/35 HPs)
             Began as a Formicid Earth Elementalist on Sept 18, 2019.
             Killed by nerve-wracking pain
             ... invoked by Grinder
              (7 damage)
             ... on level 3 of the Dungeon.
             The game lasted 00:15:07 (2459 turns).

Elfdrinker the Digger (Formicid Earth Elementalist) Turns: 2459, Time: 00:15:08

Health: -5/35      AC:  2    Str: 15    XL:     5   Next: 8%
Magic:  4/9        EV: 12    Int: 15    God:
Gold:   100        SH:  0    Dex: 14    Spells: 4/10 levels left

rFire    . . .     SeeInvis +   e - +1 dagger (venom)
rCold    + . .     Gourm    .   (no shield)
rNeg     + . .     Faith    .   c - +0 robe
rPois    .         Spirit   .   (helmet unavailable)
rElec    .         Reflect  .   (no cloak)
rCorr    .         Harm     .   (no gloves)
MR       .....                  (no boots)
Stlth    ++........             (no amulet)
HPRegen  0.11/turn              n - ring of positive energy
MPRegen  0.11/turn              o - +3 ring of dexterity

@: very slightly contaminated
A: permanent stasis, dig shafts and tunnels, four strong arms, antennae 3,
hooves 1, cold resistance 1, strong 1
a: Dig, Shaft Self


You were on level 3 of the Dungeon.
You were very hungry.

You visited 1 branch of the dungeon, and saw 3 of its levels.

You collected 100 gold pieces.

Inventory:

Hand Weapons
 e - a +1 dagger of venom (weapon)
 f - a +3 hand axe
Missiles
 b - 80 stones (quivered)
Armour
 c - a +0 robe (worn)
Jewellery
 n - a ring of positive energy (left hand)
 o - a +3 ring of dexterity (right hand)
Scrolls
 d - a scroll of magic mapping
 g - 3 scrolls of amnesia
 k - 3 scrolls of teleportation


   Skills:
 + Level 0.1 Fighting
 + Level 0.6 Short Blades
 + Level 2.1 Dodging
 + Level 3.2 Stealth
 + Level 0.5 Unarmed Combat
 + Level 3.2 Spellcasting
 + Level 1.1 Transmutations
 + Level 4.8 Earth Magic


You had 4 spell levels left.
You knew the following spells:

 Your Spells              Type           Power        Failure   Level  Hunger
a - Sandblast             Erth           ###...       2%          1    #......
b - Passwall              Tmut/Erth      ##......     9%          2    ##.....
c - Stone Arrow           Conj/Erth      #.....       22%         3    ###....

Your spell library contained the following spells:

 Spells                   Type           Power        Failure   Level  Hunger
 Petrify                  Tmut/Erth      ##......     50%         4    #####..
 Lee's Rapid Deconstruct  Erth           ###.......   58%         5    ######.


Dungeon Overview and Level Annotations

Branches:
Dungeon (3/15)

Altars:

Annotations:
D:3 Grinder


Innate Abilities, Weirdness & Mutations

You cannot be hasted, slowed, berserked, paralysed or teleported.
You can dig through walls and to a lower floor.
Your four strong arms can wield two-handed weapons with a shield.
You have a pair of large antennae on your head. (SInv)
You have large cloven feet.
Your flesh is cold resistant. (rC+)
Your muscles are strong. (Str +2)


Message History

Aiming: Sandblast (safe; 2% risk of failure)
Press: ? - help, Shift-Dir - straight line, f/p - orc wizard
Aim: an orc wizard, wielding a +0 dagger and wearing a +0 robe (almost dead, poisoned, slightly transparent)
The blast of sand hits the orc wizard!
You kill the orc wizard!
You have reached level 5!
b - 81 stones The frilled lizard bites you.
* * * LOW HITPOINT WARNING * * *
Casting: Sandblast (safe; 2% risk of failure)
Confirm with . or Enter, or press ? or * to list all spells.
Aiming: Sandblast (safe; 2% risk of failure)
Press: ? - help, Shift-Dir - straight line, f - frilled lizard
Aim: a frilled lizard The blast of sand hits the frilled lizard!
You kill the frilled lizard!
b - 80 stones Grinder gestures at you.
Pain shoots through your body!
You die...

**###### *,,....#
######...# #.....)..#
#......)†# #......5.#
########## #........#
#......... #......@.#
#.........
#.....†..######.........
#.......................
#.....#########.........
#.....*,,,,,,,#.........
#...?.*,,,,,*,#.#######.
##.##.*****,*,#.# #.
#.**,,,,{,,,,#.# #.
*,**,,,,,,,>,#.# #.


You could see Grinder.

Vanquished Creatures
  An orc wizard (D:3)
  An adder (D:2)
  2 worms (D:2)
  2 dart slugs (D:2)
  2 leopard geckos (D:2)
  3 orcs (D:3)
  4 bats
  A giant cockroach (D:2)
  6 goblins
  6 hobgoblins
  4 jackals (D:2)
  A quokka (D:2)
  A ball python (D:2)
  4 frilled lizards
  8 kobolds
  7 rats
53 creatures vanquished.

Notes
Turn   | Place    | Note
-------+----------+-------------------------------------------
     0 | D:1      | Elfdrinker the Formicid Earth Elementalist began the quest
                  | for the Orb.
     0 | D:1      | Reached XP level 1. HP: 13/13 MP: 3/3
   156 | D:1      | Reached skill level 4 in Earth Magic
   158 | D:1      | Reached XP level 2. HP: 19/19 MP: 0/5
   382 | D:1      | Learned a level 2 spell: Passwall
   527 | D:1      | Reached XP level 3. HP: 10/24 MP: 2/6
  1028 | D:1      | Learned a level 3 spell: Stone Arrow
  1453 | D:2      | Reached XP level 4. HP: 30/30 MP: 1/8
  2394 | D:2      | Gained mutation: You have large cloven feet. [potion of
                  | mutation]
  2394 | D:2      | Gained mutation: Your muscles are strong. (Str +2) [potion
                  | of mutation]
  2394 | D:2      | Gained mutation: Your flesh is cold resistant. (rC+)
                  | [potion of mutation]
  2446 | D:3      | Noticed Grinder
  2458 | D:3      | Reached XP level 5. HP: 2/35 MP: 5/9
  2459 | D:3      | Killed from afar by Grinder

Levels and vault maps discovered:
D:1:      dpeg_arrival_central, layout_basic
D:2:      layout_basic, minmay_tall_x
D:3:      layout_basic, old_standard_altar,
          nicolae_dithmenos_through_a_glass_darkly,
          chequers_ecumenical_altar_simple_redux, first_ration, uniq_grinder,
          uniq_sigmund, uniq_robin, uniq_ijyb

Skill      XL: |  1  2  3  4 |
---------------+-------------+-----
Earth Magic    | 4 |  4.8
Dodging        | 2 |  2.1
Spellcasting   | 3 |  3.2
Stealth        | 3 |  3.2
Fighting       | |  0.1
Short Blades   | |  0.6
Unarmed Combat | |  0.5
Transmutations | |  1.1

Action                   |  1- 3 |  4- 6 || total
-------------------------+-------+-------++-------
Melee: Unarmed           |    14 |       ||    14
       Dagger            |    52 |    34 ||    86
 Cast: Sandblast         |    24 |     6 ||    30
       Stone Arrow       |     1 |       ||     1
 Abil: Dig               |       |     2 ||     2
  Use: Scroll            |       |     8 ||     8
       Potion            |       |     3 ||     3
 Stab: Sleeping          |     4 |     4 ||     8
  Eat: Ration            |     1 |       ||     1
       Chunk             |     1 |       ||     1
Armor: Robe              |    13 |     4 ||    17
Dodge: Dodged            |    37 |    13 ||    50

Table legend:
 A = Non-vault XP
 B = Vault XP
 C = Vault XP percentage of total XP
 D = Non-vault monster count
 E = Vault monster count
 F = Vault count percentage of total count
                 A         B        C        D         E       F
            +---------+---------+-------+---------+---------+-------
      Total |     138 |      12 |   8.0 |      49 |       4 |   7.5
            +---------+---------+-------+---------+---------+-------
        D:1 |      38 |       0 |   0.0 |      25 |       0 |   0.0
        D:2 |      54 |      12 |  18.2 |      18 |       4 |  18.2
        D:3 |      46 |       0 |   0.0 |       6 |       0 |   0.0
            +---------+---------+-------+---------+---------+-------
